 Dungeon Crawl Stone Soup version 0.28-a0-1545-g945cd3f27e (webtiles) character file.

Game seed: 3996253373885656175

3122 Essalna the Destroyer (level 9, -3/64 HPs)
             Began as a Demigod Conjurer on Jan 18, 2022.
             Killed from afar by an electric eel (4 damage)
             ... with a bolt of electricity
             ... on level 7 of the Dungeon.
             The game lasted 00:22:53 (9703 turns).

Essalna the Destroyer (Demigod Conjurer)            Turns: 9703, Time: 00:22:54

Health: -3/64      AC:  7    Str:  8    XL:     9   Next: 34%
Magic:  24/24      EV: 12    Int: 32    God:
Gold:   1381       SH:  0    Dex: 12    Spells: 15/22 levels left

rFire   . . .      SeeInvis .   w - +3 whip (venom)
rCold   . . .      Faith    .   (no shield)
rNeg    . . .      Spirit   .   a - +0 robe
rPois   .          Reflect  .   b - +1 helmet
rElec   .          Harm     .   t - +0 cloak
rCorr   .          Rampage  .   e - +0 pair of gloves
Will    .....                   h - +0 pair of boots
Stlth   ++........              (no amulet)
HPRegen 0.20/turn               (no ring)
MPRegen 0.19/turn               (no ring)

@: about to teleport, marked
A: high mp 1, forlorn, divine attributes
a: no special abilities


You were on level 7 of the Dungeon.
You visited 1 branch of the dungeon, and saw 8 of its levels.

You collected 1381 gold pieces.

Inventory:

Hand Weapons
 i - a +0 dagger of venom
 p - a +2 short sword of holy wrath
 w - a +3 whip of venom (weapon)
Armour
 a - a +0 robe (worn)
 b - a +1 helmet (worn)
 e - a +0 pair of gloves (worn)
 h - a +0 pair of boots (worn)
 s - a +0 leather armour of willpower
 t - a +0 cloak (worn)
 F - a +2 robe of willpower
Magical Staves
 l - a staff of fire
Jewellery
 C - a ring of resist corrosion
Wands
 v - a wand of paralysis (7)
 y - a wand of polymorph (8)
 D - a wand of digging (2)
Scrolls
 c - 3 scrolls of identify
 d - 2 scrolls of vulnerability
 o - a scroll of noise {unknown}
 q - a scroll of immolation {unknown}
 r - 2 scrolls of enchant armour
 A - 3 scrolls of fog
Potions
 f - 3 potions of lignification
 g - a potion of resistance {unknown}
 k - 3 potions of brilliance {unknown}
 m - 2 potions of mutation {unknown}
 u - a potion of ambrosia {unknown}
 x - a potion of berserk rage {unknown}
 z - a potion of cancellation {unknown}
 G - a potion of haste {unknown}
 I - 2 potions of might {unknown}


   Skills:
 + Level 1.2 Fighting
 + Level 1.3 Armour
 + Level 2.3 Dodging
 - Level 1.7 Stealth
 + Level 7.4 Spellcasting
 + Level 8.7 Conjurations
 + Level 4.5 Translocations


You had 15 spell levels left.
You knew the following spells:

 Your Spells              Type           Power      Damage    Failure   Level
a - Magic Dart            Conj           100%       1d8       1%          1
b - Searing Ray           Conj           100%       2d8       1%          2
c - Iskenderun's Mystic   Conj/Tloc      53%        2d11      2%          4

Your spell library contained the following spells:

 Spells                   Type           Power      Damage    Failure   Level
 Dazzling Flash           Conj/Hex       78%        N/A       1%          3
 Corpse Rot               Necr/Air       22%        N/A       6%          2
 Poisonous Vapours        Pois/Air       22%        N/A       6%          2
 Fulminant Prism          Conj/Hex       19%        3d11      7%          4


Dungeon Overview and Level Annotations

Branches:
Dungeon (8/15)             Temple (0/1) D:4
   Lair: D:8-11

Shops:
D:7 *

Annotations:
D:5 3 runed translucent doors, Cheeritup's ghost, weakling PaDe
D:8 Harold


Innate Abilities, Weirdness & Mutations

You have an increased reservoir of magic. (+10% MP)
You shall have no god before yourself.
Your divine heritage dramatically boosts your attributes as you level up.


Message History

Harold throws a throwing net.
The throwing net closely misses you. Harold fires a harpoon shot at you.
The harpoon shot hits you!
You are yanked forward by the harpoon shot.
Harold says, "Bounty hunting has been great, but I can't wait to retire."
Harold grumbles, "Just give up already, I want to go home!"
Harold hits you with a +0 short sword!
Harold thinks, and says "Perhaps I'll take up painting after I'm done here..."
Harold fires a harpoon shot at you. The harpoon shot hits you!
You are yanked forward by the harpoon shot.
As you read the scroll of teleportation, it crumbles to dust.
You feel strangely unstable. Harold misses you.
Your surroundings suddenly seem different.
There is a stone staircase leading up here.
You climb upwards.
The orc warrior shouts!
You hear a shout!
There is a stone staircase leading down here.
Aiming: Paralyse
Press: ? - help, Shift-Dir - straight line, f - orc warrior
Aim: an orc warrior, wielding a +0 glaive and wearing a +0 chain mail (chance to affect: 49%)
The orc warrior resists with some effort.
The orc warrior hits you from afar with a +0 glaive!
* * * LOW HITPOINT WARNING * * *
Blink to where?
Press: ? - help, Dir - move target, p - orc warrior 2 electric eels come into view.
Found 19 gold pieces.
As you read the scroll of blinking, it crumbles to dust.
As you read the scroll of teleportation, it crumbles to dust.
You feel strangely unstable.
The electric eel shoots out a bolt of lightning at you!
The bolt of electricity misses you.
The electric eel shoots out a bolt of lightning at you!
The bolt of electricity hits you!
* * * LOW HITPOINT WARNING * * *
2 electric eels come into view.
The electric eel shoots out a bolt of lightning at you!
The bolt of electricity hits you.
You die...

......
≈###....###≈
≈≈#......#≈
S...$.... .
#...... ≈P ≈S.
##....## .≈≈.
≈≈≈≈#......#≈≈≈P.
≈≈≈≈.....@..≈≈≈..
≈≈≈#......#S≈≈≈.
.###....###.≈≈.
≈#......#≈≈ .
≈........≈
≈≈≈#......#≈≈P
≈S.###....###≈..
≈≈. #...o..# ...
### #......#####


You could see an orc warrior and 2 electric eels.

Vanquished Creatures
  A kobold demonologist (D:6)
  Grinder (D:4)
  A steam dragon (D:7)
  2 water moccasins
  2 ice beasts
  An orc warrior (D:6)
  3 centaurs
  2 ogres
  A phantom (D:4)
  A kobold brigand (D:8)
  3 bullfrogs
  A scorpion (D:6)
  3 gnoll sergeants
  3 wyvern skeletons
  2 wights (D:6)
  3 hounds
  A jelly (D:6)
  A centaur zombie (D:5)
  A gnoll shaman (D:5)
  3 bullfrog skeletons
  7 iguanas
  3 orc wizards
  11 gnolls
  10 adders
  2 shadow imps
  A white imp (D:7)
  An adder zombie (D:5)
  A worm (D:2)
  3 dart slugs
  15 orcs
  5 bats
  5 endoplasms
  A giant cockroach (D:1)
  14 goblins
  7 hobgoblins
  4 jackals (D:4)
  14 kobolds
  A quokka (D:2)
  7 ball pythons
  4 frilled lizards
  3 rats
155 creatures vanquished.

Vanquished Creatures (others)
  4 fungi (D:7)
  A plant (D:7)
5 creatures vanquished.

Grand Total: 160 creatures vanquished

Notes
Turn   | Place    | Note
-------+----------+-------------------------------------------
     0 | D:1      | Essalna the Demigod Conjurer began the quest for the Orb.
     0 | D:1      | Reached XP level 1. HP: 14/14 MP: 5/5
   433 | D:1      | Reached XP level 2. HP: 11/20 MP: 0/7
   599 | D:1      | Learned a level 2 spell: Searing Ray
   769 | D:1      | Reached skill level 4 in Conjurations
  1175 | D:2      | Reached XP level 3. HP: 26/26 MP: 5/9
  2464 | D:3      | Reached XP level 4. HP: 33/33 MP: 4/11
  3140 | D:3      | Noticed a centaur
  3150 | D:3      | Killed a centaur
  3151 | D:3      | Reached skill level 5 in Conjurations
  3151 | D:3      | Reached XP level 5. HP: 10/38 MP: 4/13
  3686 | D:4      | Found a staircase to the Ecumenical Temple.
  3875 | D:4      | Noticed Grinder
  3886 | D:4      | Killed Grinder
  3887 | D:4      | Reached XP level 6. HP: 36/45 MP: 2/16
  4079 | D:4      | Reached skill level 6 in Conjurations
  4397 | D:5      | Entered Level 5 of the Dungeon
  4516 | D:5      | Reached XP level 7. HP: 29/50 MP: 8/17
  4643 | D:5      | Reached skill level 5 in Spellcasting
  4885 | D:5      | Reached skill level 7 in Conjurations
  5412 | D:5      | Noticed a yak
  5413 | D:5      | Found a runed translucent gate.
  5414 | D:5      | Found a runed translucent gate.
  5441 | D:5      | Found a runed translucent gate.
  5443 | D:5      | Noticed Cheeritup's ghost (weakling PaDe)
  5695 | D:6      | Learned a level 4 spell: Iskenderun's Mystic Blast
  5760 | D:6      | Reached skill level 1 in Translocations
  5760 | D:6      | Reached XP level 8. HP: 12/57 MP: 8/20
  7040 | D:6      | Reached skill level 8 in Conjurations
  7361 | D:6      | Noticed a kobold demonologist
  7463 | D:6      | Noticed a hellwing
  7475 | D:6      | Noticed a hellwing
  7479 | D:6      | Killed a kobold demonologist
  7480 | D:6      | Reached XP level 9. HP: 17/62 MP: 2/23
  8730 | D:8      | Identified a scroll of acquirement
  8730 | D:8      | Acquired 986 gold pieces
  8855 | D:8      | Reached skill level 1 in Fighting
  8861 | D:8      | Reached skill level 1 in Armour
  8878 | D:8      | Noticed Harold
  9098 | D:8      | HP: 3/64 [centaur (1)]
  9469 | D:7      | Found Gozag's Platinum Reserve.
  9702 | D:7      | HP: 1/64 [electric eel/bolt of electricity (10)]
  9703 | D:7      | Killed from afar by an electric eel

Illustrated notes

Levels and vault maps discovered:
D:1:      amcnicky_arrival_abandoned_market, layout_basic, minmay_tromino_mix6
D:2:      layout_basic, ebering_ecumenical_altar_petrified,
          kennysheep_generic_room_6
D:3:      layout_loops_cross, mainiacjoe_overflow_alcove_1
D:4:      layout_basic, minmay_temple_entry_stoned_glass, uniq_grinder
D:5:      layout_cave_pools, lemuel_doored_altar,
          nicolae_dithmenos_shadow_blocks, gammafunk_ghost_split
D:6:      layout_loops_ring, mainiacjoe_overflow_six_doors_small,
          lemuel_crystal_altar, nicolae_overflow_hidden_temple, nzn_random_ring
D:7:      wad_lake_hut, layout_basic, mainiacjoe_overflow_boulevard,
          nicolae_gozag_zags_fifth_avenue
D:8:      gammafunk_indiana_jones, layout_rooms, mainiacjoe_overflow_two_lobes,
          enter_bailey_5, uniq_harold

Skill      XL: |  1  2  3  4  5  6  7  8  9 |
---------------+----------------------------+-----
Spellcasting   | 2 3 4 6 7 |  7.4
Conjurations   | 4 5 6 7 8 |  8.7
Translocations | 1 4 |  4.5
Dodging        | 2 |  2.3
Fighting       | 1 |  1.2
Armour         | 1 |  1.3
Stealth        | |  1.7

Action                   |  1- 3 |  4- 6 |  7- 9 || total
-------------------------+-------+-------+-------++-------
Melee: Unarmed           |    21 |       |       ||    21
       Punch             |     1 |       |     1 ||     2
       Whip              |       |    20 |    10 ||    30
 Cast: Magic Dart        |    93 |    87 |   139 ||   319
       Searing Ray       |       |     6 |    43 ||    49
       Iskenderun's Myst |       |       |     1 ||     1
Evoke: Wand              |       |       |     1 ||     1
  Use: Potion            |       |       |     4 ||     4
       Scroll            |       |       |    13 ||    13
Armor: Robe              |     7 |    16 |    27 ||    50
Dodge: Dodged            |    22 |    39 |    79 ||   140

Table legend: (Time is in decaauts)
 A = Elapsed time spent in this place.
 B = Non-inter-level travel time spent in this place.
 C = Inter-level travel time spent in this place.
 D = Time resting spent in this place.
 E = Time spent auto-exploring this place.
 F = Levels seen in this place.
 G = Mean time per level.
                   A        B        C        D        E       F      G
               +--------+--------+--------+--------+--------+-----+--------+
         Total |   9708 |   9094 |    614 |    331 |   7596 |   8 | 1213.5 |
       Dungeon |   9708 |   9094 |    614 |    331 |   7596 |   8 | 1213.5 |
               +--------+--------+--------+--------+--------+-----+--------+

Top non-repeatable levels by time:
     D:6: 2918 daAuts
     D:2: 1355 daAuts
     D:3: 1157 daAuts
     D:5: 1135 daAuts
     D:4: 1066 daAuts
     D:8: 985 daAuts
     D:1: 868 daAuts
     D:7: 220 daAuts
